 Dungeon Crawl Stone Soup version 0.18-a0-1044-g2bb894f (webtiles) character file.

89 Kristof the Digger (level 4, -2/24 HPs)
             Began as a Gargoyle Earth Elementalist on Jan 11, 2016.
             Slain by a gnoll
             ... wielding a +0 halberd
              (5 damage)
             ... on level 3 of the Dungeon.
             The game lasted 00:09:47 (2187 turns).

Kristof the Digger (Gargoyle Earth Elementalist)    Turns: 2187, Time: 00:09:47

Health: -2/24      AC:  8    Str: 12    XL:     4   Next: 55%
Magic:  2/9        EV: 12    Int: 16    God:
Gold:   130        SH:  4    Dex: 10    Spells: 3 memorised, 4 levels left

rFire  + . .     SeeInvis .     l - +4 dagger (elec)
rCold  . . .     Gourm    .     a - +0 robe
rNeg   + . .     Faith    .     (no shield)
rPois  ∞         Spirit   .     o - +2 hat
rElec  +         Dismiss  .     (no cloak)
rCorr  .         Reflect  +     (no gloves)
SustAt +         Harm     .     p - +0 pair of boots
MR     .....                    j - +4 amulet of reflection
Stlth  ++........               x - ring of protection from fire
                                i - ring of sustain attributes (curse)

@: very slightly contaminated, not resistant to hostile enchantments, unstealthy
A: negative energy resistance 1, electricity resistance, unbreathing,
petrification resistance, rot immunity, AC +3
a: no special abilities


You were on level 3 of the Dungeon.
You were not hungry.

You visited 1 branch of the dungeon, and saw 3 of its levels.

You collected 130 gold pieces.

Inventory:

Hand Weapons
 l - a +4 dagger of electrocution (weapon)
 r - a +0 whip
 w - a +1 hand axe of electrocution
Missiles
 b - 181 stones (quivered)
Armour
 a - a +0 robe (worn)
 o - a +2 hat (worn)
 p - a +0 pair of boots (worn)
Jewellery
 i - a cursed ring of sustain attributes (left hand)
 j - a +4 amulet of reflection (around neck)
 x - a ring of protection from fire (right hand)
Wands
 t - a wand of enslavement (24/24)
Scrolls
 m - a scroll of identify
Potions
 g - a potion of ambrosia
 s - a potion of resistance
 u - a potion of flight
Books
 c - a book of Geomancy

   Spells                             Type                      Level
   a - Sandblast                      Earth                        1
   b - Stoneskin                      Transmutation/Earth          2
   c - Passwall                       Transmutation/Earth          3
   d - Stone Arrow                    Conjuration/Earth            3
   e - Petrify                        Transmutation/Earth          4
   f - Lee's Rapid Deconstruction     Earth                        5
 e - a Necronomicon

   Spells                             Type                      Level
   a - Haunt                          Necromancy/Summoning         7
   b - Borgnjor's Revivification      Necromancy                   8
   c - Death's Door                   Charms/Necromancy            8
   d - Necromutation                  Transmutation/Necromancy     8
Comestibles
 d - a bread ration
 f - 2 meat rations
 n - 2 slices of pizza
 q - 3 chunks of flesh


   Skills:
 - Level 1.5 Dodging
 - Level 2.1 Stealth
 * Level 3.6 Spellcasting
 + Level 1.2 Conjurations
 - Level 0.7 Transmutations
 + Level 4.4 Earth Magic


You had 4 spell levels left.
You knew the following spells:

 Your Spells              Type           Power        Failure   Level  Hunger
a - Sandblast             Erth           ###...       3%          1    None
b - Stoneskin             Trmt/Erth      ##......     12%         2    ##.....
c - Stone Arrow           Conj/Erth      ##....       17%         3    ###....


Dungeon Overview and Level Annotations

Branches:
Dungeon (3/15)

Altars:
Kikubaaqudgha
Nemelex Xobeh
The Shining One


Innate Abilities, Weirdness & Mutations

You are resistant to torment.
Your stone body is resilient (AC +3).
You are immune to poison.
You resist negative energy.
You are resistant to electric shocks.
You can survive without breathing.
You are immune to petrification.
You are immune to rotting.


Message History

Things that are here:
a spear; a gnoll corpse You hit the gnoll.
The gnoll is lightly wounded.
The gnoll barely misses you.
You hit the gnoll.
The gnoll is moderately wounded.
You block the gnoll's attack. x2
You hit the gnoll but do no damage.
The gnoll is moderately wounded.
The gnoll hits you but does no damage. The gnoll hits you with a spear.
You hit the gnoll.
The gnoll is heavily wounded.
The gnoll barely misses you. The gnoll hits you with a spear.
* * * LOW HITPOINT WARNING * * *
Drink which item? (? for menu, Esc to quit)
Okay, then.
Eat which item? (? for menu, Esc to quit)
The gnoll closely misses you. The gnoll hits you with a halberd.
You die...

...# #.# #..# #.##
...####[###.## ##.#
.....##.##..# #########..#
.....##.##..###.........##
..#...#.#..#....###############
###..........#### ##.......#
#........### #..##.)..#
..#....#....##########.###.####
....#..#.#...##g@...<..# #.#
...............g##########.#
..####.....#...## ##..# ..
####.####..# ##..## ..### #.#
##.# ##..## l.g†#####.#
#.######..## ....g...g.#
#........## ....#######
########## #####


You could see 2 gnolls.

Vanquished Creatures
  2 gnolls (D:3)
  2 adders (D:2)
  2 giant geckos
  An orc (D:3)
  A ball python (D:1)
  2 bats
  3 giant cockroaches
  7 hobgoblins
  7 jackals
  4 kobolds
  2 giant newts (D:1)
  8 goblins
  3 rats
44 creatures vanquished.

Notes
Turn   | Place    | Note
--------------------------------------------------------------
     0 | D:1      | Kristof the Gargoyle Earth Elementalist began the quest for the Orb.
     0 | D:1      | Reached XP level 1. HP: 10/10 MP: 3/3
   189 | D:1      | Reached XP level 2. HP: 15/15 MP: 1/5
   760 | D:1      | Learned a level 2 spell: Stoneskin
   799 | D:1      | Reached XP level 3. HP: 19/19 MP: 7/7
   804 | D:1      | Learned a level 3 spell: Stone Arrow
   841 | D:1      | Reached skill level 4 in Earth Magic
  1019 | D:1      | Found a glowing golden altar of the Shining One.
  1140 | D:2      | Found an ancient bone altar of Kikubaaqudgha.
  1872 | D:3      | Reached XP level 4. HP: 24/24 MP: 9/9
  1981 | D:3      | Reached skill level 1 in Conjurations
  2037 | D:3      | Found a sparkling altar of Nemelex Xobeh.
  2187 | D:3      | Slain by a gnoll

Vault maps used:
D:1:      lemuel_arrival_tunnels, tso_altar
D:2:      nicolae_overflow_crystal_walls
D:3:      overflow_temple_1_default

Action                   |  1- 3 |  4- 6 || total
-------------------------+-------+-------++-------
Melee: Dagger            |    56 |    24 ||    80
 Cast: Sandblast         |    15 |       ||    15
       Stone Arrow       |       |     3 ||     3
  Use: Scroll            |     8 |     3 ||    11
       Potion            |       |     2 ||     2
 Stab: Sleeping          |     4 |       ||     4
       Distracted        |     1 |       ||     1
  Eat: Chunk             |     3 |     1 ||     4
       Royal jelly       |       |     1 ||     1
